 Dungeon Crawl Stone Soup version 0.29.0-4-gdea44cf6ec (webtiles) character file.

Game seed: 12597416955962579747

70 qw the Chopper (level 4, 0/26 HPs)
             Began as a Tengu Warper on Aug 28, 2022.
             Succumbed to Ijyb's poison
             ... on level 3 of the Dungeon.
             The game lasted 00:00:14 (2106 turns).

qw the Chopper (Tengu Warper)                       Turns: 2106, Time: 00:00:14

Health: 0/26       AC: 11    Str: 13    XL:     4   Next: 22%
Magic:  8/8        EV: 12    Int: 13    God:
Gold:   98         SH:  0    Dex: 14    Spells: 7/7 levels left

rFire   . . .      SeeInvis .   Y - +0 hand axe (protect)
rCold   . . .      Faith    .   (no shield)
rNeg    . . .      Spirit   .   b - +0 leather armour
rPois   .          Reflect  .   (helmet restricted)
rElec   .          Harm     .   h - +0 cloak
rCorr   .          Rampage  .   (no gloves)
Will    .....                   (boots unavailable)
Stlth   +.........              (no amulet)
HPRegen 0.08/turn               (no ring)
MPRegen 0.11/turn               (no ring)

@: lethally poisoned (0 -> -6), under a protective aura
A: beak, talons 3
a: no special abilities


You were on level 3 of the Dungeon.
You visited 1 branch of the dungeon, and saw 3 of its levels.

You collected 98 gold pieces.


Innate Abilities, Weirdness & Mutations

You have a beak for a mouth.
You have claws for feet.


   Skills:
 - Level 2.0 Fighting
 + Level 4.8 Axes
 - Level 1.0 Throwing
 - Level 1.1 Armour
 - Level 2.1 Dodging
 - Level 2.0 Spellcasting
 - Level 2.4 Translocations


You had 7 spell levels left.
You didn't know any spells.
Your spell library contained the following spells:

 Spells                   Type           Power      Damage    Failure   Level
 Blink                    Tloc           14%        N/A       19%         2
 Gell's Gravitas          Tloc           7%         N/A       36%         3
 Lesser Beckoning         Tloc           7%         N/A       36%         3
 Teleport Other           Tloc           7%         N/A       36%         3
 Manifold Assault         Tloc           7%         N/A       98%         5

Inventory:

Hand Weapons
 e - a +0 whip
 Y - a +0 hand axe of protection (weapon)
Armour
 b - a +0 leather armour (worn)
 h - a +0 cloak (worn)
Jewellery
 a - an amulet of guardian spirit
Potions
 c - a potion of curing {unknown}
 d - a potion of lignification {unknown}
 f - a potion of berserk rage {unknown}
 g - 2 potions of might
 l - a potion of brilliance {unknown}

Dungeon Overview and Level Annotations

Branches:
Dungeon (3/15)

Altars:

Annotations:
D:3 Ijyb


Message History

You closely miss the goblin. Your kick misses the goblin.
The goblin hits you but does no damage.
Ijyb screams, "Me very upset!"
You hit the goblin.
Your weapon exudes an aura of protection.
You kill the goblin!
Ijyb zaps a wand.
The bolt of dispelling energy misses you.
Ijyb zaps a wand.
The bolt of dispelling energy misses you.
You see here a ball python corpse.
You barely miss Ijyb. You claw Ijyb. Your peck misses Ijyb.
Ijyb is lightly wounded.
Ijyb closely misses you.
You barely miss Ijyb. You claw Ijyb, but do no damage.
Ijyb is lightly wounded.
Ijyb hits you with a +1 dagger of venom.
You are poisoned.
You closely miss Ijyb. You claw Ijyb, but do no damage.
Ijyb is lightly wounded.
You feel very sick.
Ijyb zaps a wand.
The bolt of dispelling energy misses you.
You closely miss Ijyb. Your kick misses Ijyb.
Ijyb is lightly wounded.
You feel very sick.
Ijyb zaps a wand.
The bolt of dispelling energy misses you.
Ijyb zaps a wand.
The bolt of dispelling energy hits you!
Ouch! That really hurt!
You hit Ijyb.
Your weapon exudes an aura of protection.
Ijyb is moderately wounded.
You feel sick.
A ball python comes into view.
Ijyb hits you but does no damage.
The ball python hisses angrily.
You hit Ijyb. You claw Ijyb, but do no damage. Your peck misses Ijyb.
Ijyb is heavily wounded.
You die...

#.......
##......#
S......#
#......#
#......#
###......#
+....g...###
#...@....#
#...)....##
.....####....#
#. .... #....#
..# ###
#....##..#
#....#...#
#....#.#.#
#....#...#
#....#...#


You could see Ijyb and a ball python.

Vanquished Creatures
  An adder (D:2)
  3 worms (D:2)
  An orc (D:3)
  5 endoplasms
  2 giant cockroaches
  3 goblins
  2 hobgoblins (D:1)
  5 jackals
  5 kobolds
  6 ball pythons
  6 bats
  6 frilled lizards
  5 rats
50 creatures vanquished.

Vanquished Creatures (others)
  A ball python (D:3)
  3 fungi (D:1)
4 creatures vanquished.

Grand Total: 54 creatures vanquished

Notes
Turn   | Place    | Note
-------+----------+-------------------------------------------
     0 | D:1      | qw the Tengu Warper began the quest for the Orb.
     0 | D:1      | Reached XP level 1. HP: 12/12 MP: 4/4
     0 | D:1      | 0 ||| qw: Version: 0.1-a-89-g26bdef1
     0 | D:1      | 0 ||| qw: Game counter: 2583
     0 | D:1      | 0 ||| qw: Always use a shield: true
     0 | D:1      | 0 ||| qw: God list: Okawaru
     0 | D:1      | 0 ||| qw: Allow faded altars: false
     0 | D:1      | 0 ||| qw: Do Orc after D:15 true
     0 | D:1      | 0 ||| qw: Do second Lair branch before Depths: true
     0 | D:1      | 0 ||| qw: Lair rune preference: random
     0 | D:1      | 0 ||| qw: Plans: Normal
     0 | D:1      | 0 ||| PLANNING D:1-11
   183 | D:1      | Reached XP level 2. HP: 17/17 MP: 6/6
   194 | D:1      | Reached skill level 3 in Axes
   213 | D:1      | Found a faded altar of an unknown god.
   244 | D:1      | 244 ||| Stepping ~*~*~tactically~*~*~ (stealth).
   286 | D:1      | 286 ||| Stepping ~*~*~tactically~*~*~ (stealth).
   474 | D:1      | 474 ||| Stepping ~*~*~tactically~*~*~ (stealth).
   804 | D:1      | Reached XP level 3. HP: 21/21 MP: 7/7
   928 | D:1      | 928 ||| DRINKING 2 viscous grey potions.
   929 | D:1      | 929 ||| DROPPING scroll of blinking.
  1024 | D:2      | Reached skill level 4 in Axes
  1040 | D:2      | 1040 ||| Stepping ~*~*~tactically~*~*~ (stealth).
  1041 | D:2      | 1041 ||| Stepping ~*~*~tactically~*~*~ (stealth).
  1042 | D:2      | 1042 ||| Stepping ~*~*~tactically~*~*~ (stealth).
  1043 | D:2      | 1043 ||| Stepping ~*~*~tactically~*~*~ (stealth).
  1044 | D:2      | 1044 ||| Stepping ~*~*~tactically~*~*~ (stealth).
  1696 | D:2      | Reached XP level 4. HP: 22/26 MP: 8/8
  1983 | D:2      | 1983 ||| UPGRADING to +0 cloak.
  1988 | D:2      | 1988 ||| READING scroll labelled QUPEUCZUGATT.
  1989 | D:2      | 1989 ||| READING scroll labelled FEPTYE MOADUE.
  1990 | D:2      | 1990 ||| READING 2 scrolls labelled EMOHIUR ZUYTH.
  1991 | D:2      | 1991 ||| DROPPING scroll of noise.
  2061 | D:3      | 2061 ||| Stepping ~*~*~tactically~*~*~ (stealth).
  2093 | D:3      | Noticed Ijyb
  2104 | D:3      | HP: 2/26 [Ijyb/bolt of dispelling energy (15)]
  2106 | D:3      | Succumbed to Ijyb's poison

Levels and vault maps discovered:
D:1:      lemuel_arrival_funnel, layout_rooms,
          hellmonk_ecumenical_altar_arch_garden, dreamdust_mushroom_princess,
          nicolae_concentric_dashed_squares_mild, amethyst_killhole
D:2:      layout_rooms
D:3:      minmay_diamond_boxcup, layout_basic, uniq_sigmund, uniq_ijyb

Skill      XL: |  1  2  3 |
---------------+----------+-----
Axes           | 3 4 |  4.8
Fighting       | |  2.0
Throwing       | |  1.0
Armour         | |  1.1
Dodging        | |  2.1
Spellcasting   | |  2.0
Translocations | |  2.4

Action                   |  1- 3 |  4- 6 || total
-------------------------+-------+-------++-------
Melee: Hand axe          |    97 |    23 ||   120
       Kick              |    22 |     9 ||    31
       Peck              |    10 |     2 ||    12
       Punch             |     1 |     1 ||     2
Throw: Boomerang         |     7 |       ||     7
  Use: Potion            |     1 |       ||     1
       Scroll            |       |     3 ||     3
Armor: Leather armour    |    22 |     8 ||    30
Dodge: Dodged            |    43 |    13 ||    56

Table legend:
 A = Non-vault XP
 B = Vault XP
 C = Vault XP percentage of total XP
 D = Non-vault monster count
 E = Vault monster count
 F = Vault count percentage of total count
                 A         B        C        D         E       F
            +---------+---------+-------+---------+---------+-------
      Total |     101 |       0 |   0.0 |      50 |       0 |   0.0
            +---------+---------+-------+---------+---------+-------
        D:1 |      38 |       0 |   0.0 |      25 |       0 |   0.0
        D:2 |      53 |       0 |   0.0 |      20 |       0 |   0.0
        D:3 |      10 |       0 |   0.0 |       5 |       0 |   0.0
            +---------+---------+-------+---------+---------+-------
